 Dungeon Crawl Stone Soup version 0.21-a0-426-g98080a9 (webtiles) character file.

1263 CanOfBees the Fighter (level 8, -9/88 HPs)
             Began as an Ogre Hunter on Nov 6, 2017.
             Mangled by a two-headed ogre
             ... wielding a cursed -2 giant club
              (32 damage)
             ... on level 6 of the Dungeon.
             The game lasted 00:13:14 (8788 turns).

CanOfBees the Fighter (Ogre Hunter)                 Turns: 8788, Time: 00:13:14

Health: -9/88      AC:  3    Str: 22    XL:     8   Next: 52%
Magic:  8/8        EV: 11    Int: 12    God:
Gold:   343        SH:  0    Dex:  9    Spells: 7/7 levels left

rFire    . . .     SeeInvis .   E - +0 halberd
rCold    . . .     Gourm    .   (shield currently unavailable)
rNeg     . . .     Faith    .   b - +0 robe
rPois    .         Spirit   .   (helmet restricted)
rElec    .         Reflect  .   (no cloak)
rCorr    .         Harm     .   (gloves unavailable)
MR       .....                  (boots unavailable)
Stlth    +.........             (no amulet)
HPRegen  0.24/turn              k - +3 ring of strength
MPRegen  0.11/turn              (no ring)

@: no status effects
A: unfitting armour, tough skin 1
a: no special abilities


You were on level 6 of the Dungeon.
You were not hungry.

You visited 2 branches of the dungeon, and saw 7 of its levels.

You collected 343 gold pieces.

Inventory:

Hand Weapons
 a - a +0 short sword
 q - a +1 whip of venom
 v - a +0 trident
 w - a +0 quarterstaff
 E - a +0 halberd (weapon)
Missiles
 e - 167 stones (quivered)
 z - 30 sling bullets
Armour
 b - a +0 robe (worn)
Jewellery
 k - a +3 ring of strength (left hand)
Scrolls
 g - 3 scrolls of remove curse
 m - a scroll of teleportation
 n - 2 scrolls of immolation {unknown}
 o - 2 scrolls of blinking {unknown}
 p - 2 scrolls of fog {unknown}
 r - 3 scrolls of identify
 s - 2 scrolls of recharging {unknown}
 y - a scroll of noise {unknown}
 A - a scroll of enchant weapon {unknown}
 B - a scroll of amnesia {unknown}
 C - a scroll of acquirement {unknown}
Potions
 d - 2 potions of resistance {unknown}
 h - a potion of invisibility
 i - a potion of cancellation {unknown}
 l - 2 potions of magic {unknown}
 u - a potion of heal wounds
 x - a potion of curing {unknown}
 D - a potion of mutation {unknown}
Comestibles
 f - 4 bread rations
 t - 4 meat rations


   Skills:
 * Level 8.1 Fighting
 + Level 3.4 Staves
 * Level 7.2 Throwing
 + Level 4.0 Dodging
 - Level 0.6 Stealth


You had 7 spell levels left.
You didn't know any spells.

Dungeon Overview and Level Annotations

Branches:
Dungeon (6/15)             Temple (1/1) D:5

Altars:
Ashenzari
Cheibriados
Dithmenos
Fedhas
Gozag
Hepliaklqana
Kikubaaqudgha
Makhleb
Nemelex Xobeh
Qazlal
Ru
Sif Muna
Trog
Vehumet
Xom
Zin
The Shining One

Shops:
D:4 *   D:5 =


Innate Abilities, Weirdness & Mutations

You are too large for most types of armour.
You have tough skin. (AC +1)


Message History

Press: ? - help, Shift-Dir - straight line, f - two-headed ogre
Aim: a two-headed ogre, wielding two giant clubs You throw a large rock.
The large rock hits the two-headed ogre but does no damage.
Throwing (i - inventory. (,) - cycle):
c - a large rock (quivered)
Press: ? - help, Shift-Dir - straight line, f/p - two-headed ogre
Aim: a two-headed ogre, wielding two giant clubs You throw a large rock.
The large rock closely misses the two-headed ogre.
The two-headed ogre hits you with a giant club!!
The two-headed ogre hits you with a giant club!
You closely miss the two-headed ogre. The two-headed ogre barely misses you.
The two-headed ogre closely misses you.
You barely miss the two-headed ogre.
The two-headed ogre hits you with a giant club!!
The two-headed ogre hits you with a giant club!
* * * LOW HITPOINT WARNING * * *
You completely miss the two-headed ogre.
The two-headed ogre hits you with a giant club!!
You die...

#..## .... ... ###..#
##....# #.....# #....#
####### #.@#
########......
#.O###.............
#.(##...########... .
#.(##..## #### ..
#..##..#### # r..##
#...#.....### ###
.....#
###.............###..
......#
##........######......
.....O.### #.[.......#
..###


You could see a two-headed ogre.

Vanquished Creatures
  Menkaure (D:6)
  A sky beast (D:5)
  An ice beast (D:3)
  4 ogres
  A centaur (D:5)
  A scorpion (D:4)
  A crimson imp (D:5)
  2 hounds
  A gnoll shaman (D:5)
  An orc wizard (D:3)
  3 worker ants
  A killer bee zombie (D:5)
  7 adders
  7 gnolls
  An ooze (D:1)
  5 worms
  4 dart slugs
  5 leopard geckos
  14 orcs
  4 bats
  7 giant cockroaches
  6 goblins
  4 hobgoblins
  5 jackals
  3 quokkas
  A ball python (D:2)
  2 frilled lizards
  A jackal zombie (D:5)
  6 kobolds
  A quokka skeleton (D:2)
  5 rats
106 creatures vanquished.

Notes
Turn   | Place    | Note
-------+----------+-------------------------------------------
     0 | D:1      | CanOfBees the Ogre Hunter began the quest for the Orb.
     0 | D:1      | Reached XP level 1. HP: 22/22 MP: 1/1
   239 | D:1      | Reached skill level 3 in Fighting
   302 | D:1      | Reached XP level 2. HP: 26/31 MP: 2/2
   802 | D:1      | Reached XP level 3. HP: 33/37 MP: 3/3
  1733 | D:2      | Reached skill level 4 in Fighting
  1883 | D:2      | Reached XP level 4. HP: 25/48 MP: 4/4
  2838 | D:3      | Noticed an ice beast
  2846 | D:3      | Killed an ice beast
  2846 | D:3      | Reached skill level 5 in Fighting
  2846 | D:3      | Reached skill level 1 in Staves
  2846 | D:3      | Reached skill level 5 in Throwing
  2846 | D:3      | Reached XP level 5. HP: 15/57 MP: 5/5
  3319 | D:3      | Reached XP level 6. HP: 31/66 MP: 6/6
  4762 | D:4      | Reached skill level 6 in Fighting
  4868 | D:4      | Reached XP level 7. HP: 69/75 MP: 7/7
  5166 | D:4      | Found Aomaph's Alliterative Accessories.
  5273 | D:4      | Found a glowing silver altar of Zin.
  5409 | D:5      | Entered Level 5 of the Dungeon
  5433 | D:5      | Found a staircase to the Ecumenical Temple.
  5441 | Temple   | Entered the Ecumenical Temple
  5950 | D:5      | Reached skill level 7 in Fighting
  6314 | D:5      | Reached XP level 8. HP: 49/87 MP: 8/8
  6488 | D:5      | Found Renaaqut's Jewellery Shoppe.
  8473 | D:5      | Found a shimmering altar of Xom.
  8639 | D:6      | Found an opulent altar of Gozag.
  8742 | D:6      | Noticed Menkaure
  8743 | D:6      | Killed Menkaure
  8743 | D:6      | Reached skill level 8 in Fighting
  8766 | D:6      | Noticed a two-headed ogre
  8788 | D:6      | Mangled by a two-headed ogre

Vault maps used:
D:1:      lemuel_arrival_tunnels, minmay_misc_feat_five
D:3:      minmay_mini_jars
D:4:      lemuel_coloured_pillars_altar, portal_sewer_entry_f,
          nicolae_alphabet_shops, hangedman_decor_riveting
D:5:      tgw_xom, minmay_temple_entry_junction, serial_shops,
          nicolae_shop_waterfront, first_bread, hangedman_decor_opposing
D:6:      lemuel_round_altar, nicolae_overflow_hidden_temple,
          nicolae_gozag_seed_capital, uniq_menkaure
Temple:   regret_index_temple_generic_petals

Skill      XL: |  1  2  3  4  5  6  7  8 |
---------------+-------------------------+-----
Fighting       | 3 4 5 6 7 8 |  8.1
Dodging        | 2 3 4 |  4.0
Staves         | 1 2 3 |  3.4
Throwing       | 5 6 7 |  7.2
Stealth        | |  0.6

Action                   |  1- 3 |  4- 6 |  7- 9 || total
-------------------------+-------+-------+-------++-------
Melee: Short sword       |    81 |       |       ||    81
       Whip              |    17 |   116 |   100 ||   233
       Halberd           |       |       |     3 ||     3
Throw: Large rock        |     9 |    11 |    18 ||    38
       Stone             |    64 |    54 |    34 ||   152
       Throwing net      |       |     3 |     2 ||     5
  Use: Potion            |       |     1 |       ||     1
       Scroll            |       |       |     3 ||     3
  Eat: Chunk             |     3 |     8 |     7 ||    18
       Royal jelly       |       |       |     2 ||     2
       Bread ration      |       |       |     1 ||     1
Armor: Robe              |    36 |    17 |    19 ||    72
Dodge: Dodged            |    79 |    85 |    60 ||   224

Table legend:
 A = Spawn XP
 B = Non-spawn XP
 C = Spawn XP percentage of total XP
 D = Spawn monster count
 E = Non-spawn monster count
 F = Spawn count percentage of total count
 G = Total turns spent on level
                    A         B        C        D         E        F      G
               +---------+---------+-------+---------+---------+-------+---------
         Total |       0 |    1805 |   0.0 |       0 |     106 |   0.0 |  8788
               +---------+---------+-------+---------+---------+-------+---------
           D:1 |       0 |      47 |   0.0 |       0 |      23 |   0.0 |  1348
           D:2 |       0 |      54 |   0.0 |       0 |      12 |   0.0 |  1102
           D:3 |       0 |     329 |   0.0 |       0 |      34 |   0.0 |  2100
           D:4 |       0 |     475 |   0.0 |       0 |      17 |   0.0 |  1154
           D:5 |       0 |     725 |   0.0 |       0 |      18 |   0.0 |  2716
           D:6 |       0 |     175 |   0.0 |       0 |       2 |   0.0 |   149
               +---------+---------+-------+---------+---------+-------+---------
